 Dungeon Crawl Stone Soup version 0.27-a0-419-g7a85846853 (webtiles) character file.

Game seed: 1256456521020316213

1 Chiseanne the Magician (level 1, -1/13 HPs)
             Began as a Demonspawn Wanderer on Feb 26, 2021.
             Slain by a jackal (3 damage)
             ... on level 1 of the Dungeon.
             The game lasted 00:00:11 (42 turns).

Chiseanne the Magician (Demonspawn Wanderer)          Turns: 42, Time: 00:00:12

Health: -1/13      AC:  2    Str: 16    XL:     1   Next: 16%
Magic:  4/4        EV: 10    Int: 10    God:
Gold:   0          SH:  3    Dex: 11    Spells: 6/6 levels left

rFire    . . .     SeeInvis .   a - +0 club
rCold    . . .     Faith    .   c - +0 buckler
rNeg     . . .     Spirit   .   d - +0 robe
rPois    .         Reflect  .   (no helmet)
rElec    .         Harm     .   (no cloak)
rCorr    .         Rampage  .   (no gloves)
Will     .....                  (no boots)
Stlth    +.........             (no amulet)
HPRegen  0.04/turn              (no ring)
MPRegen  0.09/turn              (no ring)

@: no status effects
A: no striking features
a: no special abilities


You were on level 1 of the Dungeon.
You visited 1 branch of the dungeon, and saw 1 of its levels.

Inventory:

Hand Weapons
 a - a +0 club (weapon)
Armour
 c - a +0 buckler (worn)
 d - a +0 robe (worn)


   Skills:
 * Level 0.1 Fighting
 * Level 0.1 Dodging
 - Level 1.0 Stealth
 * Level 1.0 Shields
 - Level 3.0 Spellcasting
 - Level 1.0 Conjurations
 - Level 2.0 Summonings
 - Level 2.1 Necromancy


You had 6 spell levels left.
You didn't know any spells.
Your spell library contained the following spells:

 Spells                   Type           Power        Failure   Level
 Magic Dart               Conj           12%          26%         1
 Call Imp                 Summ           5%           26%         2
 Sting                    Tmut/Pois      4%           38%         1
 Blink                    Tloc           N/A          52%         2
 Slow                     Hex            1%           52%         2
 Conjure Flame            Conj/Fire      2%           69%         3
 Mephitic Cloud           Conj/Pois/Air  2%           71%         3
 Ignite Poison            Fire/Tmut/Pois 1%           77%         3


Dungeon Overview and Level Annotations

Branches:
Dungeon (1/15)

Altars:


Message History

The jackal barely misses you.
There is an open door here.
You hit the jackal.
The jackal is severely wounded.
The jackal bites you but does no damage.
The jackal barely misses you.
You hit the jackal but do no damage.
The jackal is severely wounded.
The jackal closely misses you. The jackal bites you.
You barely miss the jackal.
The jackal is severely wounded.
The jackal barely misses you. The jackal bites you.
You hit the jackal but do no damage.
The jackal is severely wounded.
The jackal bites you but does no damage.
The jackal bites you.
You are too injured to fight recklessly!
You are too injured to fight recklessly!
You are too injured to fight recklessly!
You are too injured to fight recklessly!
You are too injured to fight recklessly!
You are too injured to fight recklessly!
You are too injured to fight recklessly!
You are too injured to fight recklessly!
You are too injured to fight recklessly!
You are too injured to fight recklessly!
You are too injured to fight recklessly!
You are too injured to fight recklessly!
You are too injured to fight recklessly!
You are too injured to fight recklessly!
You closely miss the jackal.
The jackal is severely wounded.
The jackal bites you.
* * * LOW HITPOINT WARNING * * *
The jackal barely misses you.
You hit the jackal.
You kill the jackal!
The jackal barely misses you.
You hit the jackal but do no damage. The jackal bites you.
You die...

#...## ##...#
#######...#####
........⌠.##..#
..........##..#
########..##..#
########...'..#
#.....##..##..#
#..<..@h..##..#
#.....##..##..#
########..#####
#..# ..## .## .
#.


You could see a jackal.

Vanquished Creatures
  A jackal (D:1)
1 creature vanquished.

Notes
Turn   | Place    | Note
-------+----------+-------------------------------------------
     0 | D:1      | Chiseanne the Demonspawn Wanderer began the quest for the
                  | Orb.
     0 | D:1      | Chiseanne set off with the following items: a +0 club, a +0
                  | buckler, a +0 robe; and the following spells available to
                  | memorise: Magic Dart, Call Imp, Sting, Blink, Slow, Conjure
                  | Flame, Mephitic Cloud, Ignite Poison
     0 | D:1      | Reached XP level 1. HP: 13/13 MP: 4/4
    42 | D:1      | Slain by a jackal

Illustrated notes

Levels and vault maps discovered:
D:1:      dpeg_arrival_rooms_a, layout_loops_ring

Action                   || total
-------------------------++-------
Melee: Club              ||     8
Armor: Robe              ||     3
Dodge: Dodged            ||     8

Table legend: (Time is in decaauts)
 A = Elapsed time spent in this place.
 B = Non-inter-level travel time spent in this place.
 C = Inter-level travel time spent in this place.
 D = Time resting spent in this place.
 E = Time spent auto-exploring this place.
 F = Levels seen in this place.
 G = Mean time per level.
                   A        B        C        D        E       F      G
               +--------+--------+--------+--------+--------+-----+--------+
         Total |     44 |     44 |      0 |      0 |     22 |   1 |   44.0 |
       Dungeon |     44 |     44 |      0 |      0 |     22 |   1 |   44.0 |
               +--------+--------+--------+--------+--------+-----+--------+

Top non-repeatable levels by time:
     D:1: 44 daAuts
